Map: Dash and Terminal LE (Void)

Players

SticklerMac

  • Race: Terran Terran
  • League: Bronze

KtFlash - Winner!

  • Race: Terran Terran
  • League: Bronze

VOD

Have the link to the VOD?

Description

Time

  • Played on: July 28, 2015, 2:49 p.m.
  • Length: 8:26
Show
View Real Time Build Order
Export as new Build Order

SticklerMac Terran 

Build Orders:  

Get SALT Encoding   

  12  0:00  SCV  
  13  0:13  SCV  
  14  0:22  Supply Depot  
  14  0:25  SCV  
  15  0:44  SCV  
  15  0:45  Barracks  
  16  0:56  SCV  
  17  1:09  SCV, Barracks  
  17  1:10  Refinery  
  18  1:17  Supply Depot  
  18  1:21  SCV  
  19  1:47  Marine  
  20  1:57  Barracks, Marine  
  21  2:08  Barracks  
  21  2:10  Marine  
  22  2:24  Marine  
  23  2:30  Supply Depot  
  23  2:37  Barracks  
  23  2:41  Engineering Bay, Marine  
  23  2:59  Marine x3  
  23  3:02  Marine  
  27  3:13  Terran Infantry Weapons Level 1  
  27  3:22  Marine x2  
  27  3:26  Marine  
  30  3:33  Marine  
  31  3:35  Marine  
  27  4:02  Marine  
  27  4:03  Marine x4  
  29  4:20  Marine  
  29  4:21  Marine x3  
  29  4:35  Marine  
  29  4:38  Marine x2  
  27  4:39  Marine x2  
  30  5:01  Orbital Command  
  30  5:02  Marine x4  
  32  5:16  Marine  
  32  5:19  Marine x2  
  32  5:20  Marine  
  32  5:21  Marine  
  36  5:47  Marine x3  
  39  5:56  Marine  
  39  6:25  Marine  
  39  6:29  Marine  
  39  7:03  Marine x5  
  36  7:21  Marine x3  
  39  7:28  Marine  
  36  7:39  Marine x3  
  39  7:48  Marine  
  39  7:59  Marine  
Show
View Real Time Build Order
Export as new Build Order

KtFlash Terran - Winner!

Build Orders:  

Get SALT Encoding   

  12  0:10  Supply Depot  
  12  0:24  SCV  
  13  0:33  Barracks  
  13  0:45  SCV  
  14  0:57  SCV  
  15  1:17  Command Center  
  15  1:24  SCV  
  16  1:26  Marine  
  16  1:32  Refinery  
  17  1:44  Marine  
  18  1:56  Orbital Command  
  18  2:04  Barracks  
  18  2:07  Marine  
  19  2:26  Barracks Reactor  
  19  2:29  SCV  
  20  2:30  Refinery  
  20  2:41  SCV  
  21  2:46  Orbital Command  
  21  2:53  SCV  
  22  3:02  Marine  
  22  3:03  Marine  
  25  3:05  SCV  
  25  3:06  Barracks Tech Lab  
  25  3:12  Factory  
  25  3:16  SCV  
  25  3:17  SCV  
  27  3:28  Supply Depot, SCV  
  27  3:29  SCV  
  29  3:34  Marine x2  
  29  3:41  SCV  
  26  4:02  Marine  
  26  4:03  Marine x2  
  22  4:15  Widow Mine  
  24  4:17  SCV  
  24  4:20  Marine x2  
  24  4:21  Marine  
  26  4:38  Marine x3  
  24  4:39  SCV  
  24  4:43  Widow Mine  
  30  4:51  SCV  
  29  4:56  Marine x3  
  32  5:03  SCV  
  32  5:04  Bunker  
  33  5:08  SCV  
  33  5:14  Marine x3  
  34  5:15  SCV  
  34  5:20  SCV  
  39  5:27  SCV  
  38  5:31  Marine  
  37  5:40  Marine x2  
  37  6:02  Widow Mine  
  38  6:04  Marine x2  
  38  6:05  Marine  
  41  6:21  Supply Depot, Engineering Bay  
  41  6:24  Supply Depot  
  41  6:45  Marine x3, Widow Mine  
  41  6:46  SCV  
  44  6:58  SCV  
  44  7:01  Supply Depot  
  45  7:02  Supply Depot  
  45  7:03  Marine x2  
  44  7:14  Widow Mine  
  46  7:16  Marine  
  46  7:22  Marine  
  48  7:42  Widow Mine  
  50  7:45  Marine x2  
  50  7:46  Marine  
  49  8:22  Command Center  
Tags
 
Add a new tag
Caveats
  • Supply blocks, unpowered buildings, or Contaminate may cause inaccurate times.
  • Supply counts are checked every 10 seconds.